Map: Canyon of Tribulation

Players

Leonidas - Winner!

  • Race: Zerg Zerg
  • Spawn Location: 3:00

Mazkranis - Winner!

  • Race: Zerg Zerg
  • Spawn Location: 12:00

hillfolk - Winner!

  • Race: Zerg Zerg
  • League: Gold
  • Spawn Location: 12:00

Faust

  • Race: Protoss Protoss
  • League: Diamond
  • Spawn Location: 6:00

Cthulhu

  • Race: Protoss Protoss
  • Spawn Location: 7:00

Throwfordays

  • Race: Protoss Protoss
  • League: Silver
  • Spawn Location: 6:00

VOD

Have the link to the VOD?

Description

Time

  • Played on: March 1, 2019, 11:43 p.m.
  • Length: 11:17
Show
View Real Time Build Order
Export as new Build Order

Leonidas Zerg - Winner!

Build Orders: Hatch First 

Get SALT Encoding   

  12  0:04  Drone  
  13  0:13  Overlord  
  13  0:22  Drone  
  14  0:33  Drone x2  
  16  0:38  Drone  
  17  0:56  Hatchery  
  16  1:04  Extractor, Drone x2  
  17  1:12  Drone  
  18  1:22  Spawning Pool  
  17  1:28  Drone  
  18  1:35  Drone  
  19  1:44  Drone  
  20  2:02  Overlord  
  20  2:04  Drone  
  21  2:09  Queen  
  21  2:10  Queen  
  21  2:14  Metabolic Boost  
  25  2:36  Zergling x8  
  25  2:37  Zergling x4  
  31  2:51  Pneumatized Carapace  
  31  3:00  Drone x2  
  31  3:03  Overlord  
  33  3:12  Drone x3  
  36  3:32  Baneling Nest  
  35  3:46  Drone x6  
  35  3:47  Drone  
  42  3:54  Overlord x2  
  42  4:04  Overlord x2  
  42  4:20  Hatchery  
  42  4:21  Lair  
  41  4:26  Extractor  
  40  4:33  Evolution Chamber  
  40  4:34  Evolution Chamber  
  38  4:47  Drone x12  
  50  5:06  Zerg Missile Weapons Level 1  
  50  5:08  Zerg Ground Armor Level 1  
  50  5:13  Extractor  
  49  5:14  Extractor  
  48  5:26  Hydralisk Den  
  48  5:27  Drone x7  
  54  5:34  Queen  
  56  5:36  Drone x3  
  59  5:45  Drone x8  
  59  5:49  Centrifical Hooks  
  67  5:58  Grooved Spines  
  67  6:13  Extractor  
  67  6:15  Extractor  
  65  6:19  Overlord x2  
  65  6:21  Drone x9  
  74  6:32  Hatchery  
  74  6:33  Overlord x4  
  73  6:43  Hydralisk x3  
  73  6:45  Hydralisk  
  81  7:05  Zerg Missile Weapons Level 2  
  81  7:06  Zerg Ground Armor Level 2  
  81  7:07  Hydralisk  
  81  7:08  Hydralisk x4  
  83  7:12  Muscular Augments  
  91  7:22  Baneling x4  
  91  7:23  Baneling x6  
  91  7:29  Zergling x2  
  92  7:30  Zergling x16  
  100  7:45  Hydralisk x3  
  100  7:46  Hydralisk x4  
  107  8:13  Drone x12  
  119  8:26  Overlord x4  
  119  8:38  Infestation Pit  
  118  8:44  Overlord x3  
  118  8:45  Overlord  
  118  8:46  Hydralisk  
  118  8:47  Hydralisk x5  
  130  8:51  Extractor  
  130  8:55  Baneling x5  
  129  8:56  Baneling x5  
  129  9:16  Hydralisk x5  
  129  9:17  Hydralisk x7  
  153  9:30  Hive  
  153  9:42  Extractor  
  152  9:45  Overlord  
  152  9:46  Overlord x4  
  152  10:03  Hydralisk  
  152  10:04  Hydralisk x13  
  174  10:44  Overseer x2  
Show
View Real Time Build Order
Export as new Build Order

Mazkranis Zerg - Winner!

Build Orders: Hatch First 

Get SALT Encoding   

  12  0:03  Drone  
  13  0:08  Drone  
  14  0:17  Overlord  
  14  0:42  Drone x2  
  16  0:43  Drone  
  17  0:57  Hatchery  
  16  1:02  Drone  
  16  1:04  Extractor, Drone  
  17  1:15  Drone  
  18  1:23  Spawning Pool  
  17  1:27  Drone  
  18  1:36  Drone  
  19  1:47  Drone  
  20  2:05  Drone  
  21  2:11  Drone x2  
  21  2:14  Queen x2  
  27  2:22  Roach Warren  
  26  2:23  Drone x2  
  28  2:33  Overlord  
  28  2:44  Overlord  
  28  2:49  Overlord  
  28  2:50  Extractor  
  28  2:51  Drone  
  28  2:53  Drone x2  
  30  3:02  Drone  
  30  3:04  Drone  
  32  3:14  Drone x2  
  32  3:17  Lair  
  34  3:27  Roach  
  34  3:28  Roach x4  
  44  3:35  Drone  
  44  3:36  Extractor, Drone x2  
  46  3:53  Roach  
  46  3:54  Roach x2  
  52  4:06  Overlord  
  52  4:08  Overlord x2  
  52  4:31  Drone  
  52  4:32  Drone x6  
  52  4:36  Glial Reconstitution  
  52  4:38  Spire  
  58  4:43  Evolution Chamber  
  58  4:45  Drone x3  
  60  4:46  Evolution Chamber  
  60  4:49  Drone  
  60  4:50  Drone  
  61  5:04  Drone x2  
  63  5:18  Hatchery  
  63  5:20  Spore Crawler  
  63  5:21  Spore Crawler  
  60  5:22  Spore Crawler  
  60  5:23  Spore Crawler  
  60  5:27  Spore Crawler, Extractor  
  56  5:29  Spore Crawler  
  56  5:30  Spore Crawler  
  56  5:31  Spore Crawler  
  56  5:34  Drone x2  
  55  5:38  Overlord  
  55  5:44  Drone x2  
  55  5:48  Zerg Missile Weapons Level 1  
  57  5:54  Corruptor  
  59  5:59  Drone x2  
  61  6:12  Drone x3  
  61  6:16  Overlord x2  
  64  6:24  Overlord  
  64  6:38  Roach, Corruptor x2, Mutalisk  
  64  6:39  Roach  
  74  6:40  Roach  
  74  6:47  Drone x4  
  79  6:50  Drone  
  81  6:56  Drone x2  
  81  6:57  Drone  
  81  7:01  Zerg Ground Armor Level 1  
  84  7:03  Zergling x2  
  85  7:11  Corruptor  
  85  7:12  Roach  
  85  7:13  Roach  
  91  7:21  Roach x3  
  91  7:22  Roach  
  93  7:34  Roach x2  
  93  7:35  Roach x3  
  93  7:36  Roach  
  103  7:45  Roach  
  96  8:13  Roach x5  
  106  8:28  Zerg Flyer Weapons Level 1  
  106  8:32  Overlord x4  
  106  8:33  Overlord  
  106  8:43  Overlord  
  106  8:46  Extractor  
  106  8:47  Extractor  
  104  8:49  Spore Crawler  
  103  9:04  Corruptor  
  103  9:05  Corruptor x8  
  121  9:15  Roach x2  
  121  9:16  Roach x2  
  129  9:29  Roach x2  
  129  9:30  Overlord, Roach x4  
  141  9:32  Drone  
  141  9:37  Overlord  
  142  9:39  Drone  
  143  9:54  Corruptor, Roach  
  143  9:56  Overlord  
  143  10:14  Roach x6  
  135  10:15  Roach  
  146  10:36  Hatchery  
Show
View Real Time Build Order
Export as new Build Order

hillfolk Zerg - Winner!

Build Orders: 3 Hatch before Pool 

Get SALT Encoding   

  12  0:43  Drone  
  13  1:10  Drone  
  14  1:12  Overlord  
  14  1:15  Hatchery  
  13  1:44  Overlord  
  13  1:45  Drone x2  
  15  2:02  Drone  
  15  2:08  Drone  
  17  2:09  Hatchery  
  16  2:16  Spawning Pool  
  16  2:18  Drone  
  16  2:29  Drone  
  17  2:30  Drone  
  18  2:40  Drone  
  18  2:41  Drone  
  20  2:50  Drone  
  20  2:51  Drone  
  22  2:58  Extractor  
  22  3:00  Drone  
  22  3:04  Queen x2  
  26  3:14  Extractor  
  26  3:17  Drone x2  
  26  3:18  Drone  
  28  3:26  Drone  
  29  3:27  Drone  
  29  3:29  Drone  
  31  3:44  Baneling Nest  
  31  3:45  Queen x2  
  31  3:47  Queen  
  36  3:51  Drone x2  
  36  3:54  Drone  
  39  3:57  Drone  
  40  4:04  Spore Crawler  
  40  4:07  Drone x2  
  41  4:13  Metabolic Boost  
  41  4:27  Drone  
  41  4:28  Overlord x2  
  42  4:36  Lair  
  42  4:40  Extractor, Drone  
  42  4:41  Extractor  
  41  4:58  Drone x6  
  41  4:59  Drone x3  
  50  5:01  Extractor  
  50  5:02  Extractor  
  48  5:09  Drone x3  
  48  5:10  Drone  
  52  5:26  Spore Crawler  
  52  5:28  Spore Crawler  
  50  5:29  Spore Crawler  
  50  5:30  Drone x3  
  50  5:31  Drone x2  
  50  5:32  Spore Crawler  
  53  5:41  Drone x4  
  57  5:51  Overseer  
  57  5:53  Pneumatized Carapace  
  57  6:01  Spore Crawler  
  56  6:15  Drone x2  
  56  6:16  Overlord x2  
  58  6:20  Centrifical Hooks  
  58  6:22  Hydralisk Den  
  58  6:24  Overlord x2  
  57  6:31  Evolution Chamber  
  57  6:32  Evolution Chamber  
  55  6:43  Zergling x2  
  55  6:44  Zergling x14  
  63  6:59  Muscular Augments  
  63  7:14  Zerg Melee Weapons Level 1  
  63  7:15  Zerg Ground Armor Level 1  
  63  7:20  Drone x4  
  63  7:22  Zergling x8  
  71  7:23  Baneling  
  71  7:24  Baneling x7  
  71  7:25  Baneling x6  
  71  7:28  Zergling x2  
  72  7:38  Zergling x2  
  72  7:39  Zergling x10  
  72  7:40  Zergling x2  
  68  7:56  Zergling x8  
  68  7:57  Zergling x6  
  73  8:12  Baneling x8  
  72  8:13  Baneling x3  
  72  8:14  Hydralisk x3  
  72  8:15  Hydralisk  
  72  8:19  Drone x2  
  82  8:43  Overlord x3  
  82  8:44  Overlord  
  82  8:45  Overlord x2  
  79  9:19  Infestation Pit  
  78  9:26  Hydralisk x3  
  78  9:27  Hydralisk x2  
  78  9:30  Zergling x4  
  90  9:33  Grooved Spines  
  90  9:34  Hydralisk x2  
  94  9:40  Overseer  
  94  9:41  Overseer  
  94  9:54  Hatchery  
  87  10:28  Zergling x8  
  87  10:29  Zergling x12  
  107  10:58  Zergling x2  
Show
View Real Time Build Order
Export as new Build Order

Faust Protoss 

Build Orders: 1 Gate Expand 

Get SALT Encoding   

  12  0:00  Probe  
  13  0:13  Probe  
  14  0:23  Pylon  
  14  0:26  Probe  
  15  0:38  Probe  
  16  0:49  Gateway  
  16  1:04  Probe  
  17  1:16  Nexus  
  17  1:18  Probe  
  18  1:24  Assimilator  
  18  1:28  Probe  
  19  1:36  Probe  
  19  1:38  Zealot  
  21  1:44  Probe  
  22  1:52  Cybernetics Core  
  23  2:03  Pylon  
  23  2:05  Warp Gate  
  23  2:17  Probe  
  23  2:21  Zealot  
  26  2:25  Probe  
  27  2:33  Assimilator  
  27  2:34  Probe  
  27  2:35  Probe  
  28  2:43  Gateway  
  29  2:46  Probe  
  29  2:48  Stalker  
  33  2:51  Probe  
  33  3:01  Probe  
  34  3:14  Twilight Council  
  34  3:16  Gateway  
  34  3:22  Probe x2  
  34  3:24  Pylon  
  36  4:02  Resonating Glaives  
  36  4:04  Adept x2  
  40  4:10  Adept  
  40  4:11  Probe  
  40  4:14  Probe  
  44  4:20  Probe  
  45  4:25  Probe  
  45  4:28  Probe  
  46  4:33  Probe  
  46  4:35  Nexus, Pylon  
  48  4:40  Probe  
  48  4:41  Probe  
  50  4:46  Adept x2  
  50  4:51  Pylon  
  54  4:53  Probe  
  54  4:55  Pylon  
  55  5:00  Probe  
  55  5:03  Adept  
  55  5:05  Probe  
  59  5:11  Forge  
  59  5:15  Forge  
  59  5:17  Probe x2  
  59  5:18  Gateway  
  59  5:20  Blink  
  59  5:21  Gateway  
  61  5:23  Assimilator  
  61  5:27  Assimilator  
  61  5:29  Probe  
  61  5:30  Probe  
  63  5:37  Probe  
  63  5:42  Probe  
  65  5:48  Probe  
  65  5:52  Probe  
  65  5:54  Probe  
  65  5:56  Protoss Ground Weapons Level 1, Protoss Ground Armor Level 1  
  68  6:07  Photon Cannon  
  68  6:10  Photon Cannon  
  68  6:11  Stalker x3  
  70  6:12  Probe  
  70  6:13  Photon Cannon  
  70  6:17  Probe  
  76  6:26  Probe  
  77  6:32  Pylon  
  77  6:36  Pylon  
  77  6:38  Probe  
  78  6:48  Probe x2  
  78  6:50  Probe  
  78  6:53  Stalker x3  
  87  6:54  Stalker  
  87  6:55  Stalker  
  87  7:00  Probe  
  92  7:02  Probe  
  92  7:04  Probe  
  94  7:09  Assimilator  
  94  7:12  Probe  
  94  7:13  Assimilator  
  94  7:14  Probe  
  96  7:16  Probe  
  97  7:25  Probe  
  97  7:26  Probe  
  97  7:28  Probe  
  100  7:32  Protoss Ground Armor Level 2  
  101  7:37  Probe  
  101  7:39  Probe  
  101  7:42  Protoss Ground Weapons Level 2  
  84  7:58  Charge  
  84  8:05  Zealot x5  
  78  8:13  Probe x3  
  81  8:21  Gateway  
  81  8:24  Gateway  
  81  8:25  Probe x3  
  84  8:28  Gateway  
  84  8:31  Gateway  
  84  8:34  Stalker x2  
  84  8:35  Stalker x3  
  84  8:37  Probe  
  84  8:38  Probe x2  
  97  8:49  Probe  
  97  8:50  Probe x2  
  100  8:59  Adept x3  
  100  9:01  Adept  
  108  9:33  Pylon  
  79  10:23  Adept  
  79  10:24  Adept x2  
  79  10:25  Adept x5  
  79  10:26  Adept  
  97  10:43  Robotics Facility  
  97  10:49  Adept  
  99  10:50  Adept x6  
  99  10:51  Adept x2  
Show
View Real Time Build Order
Export as new Build Order

Cthulhu Protoss 

Build Orders:  

Get SALT Encoding   

  1  0:00  Probe  
  13  0:07  Probe  
  14  0:21  Pylon  
  14  0:27  Probe  
  15  0:39  Probe  
  16  0:44  Gateway  
  16  0:48  Pylon  
  16  0:52  Probe  
  17  1:03  Assimilator  
  17  1:18  Gateway  
  17  1:19  Gateway  
  17  1:47  Nexus  
  17  1:49  Probe  
  18  1:59  Probe  
  18  2:01  Zealot  
  21  2:09  Probe  
  22  2:19  Zealot  
  22  2:20  Zealot  
  26  2:26  Probe  
  26  2:29  Zealot  
  29  2:45  Pylon  
  29  2:52  Zealot  
  29  2:58  Pylon  
  31  2:59  Zealot  
  31  3:03  Probe  
  34  3:08  Zealot  
  34  3:11  Probe  
  37  3:40  Cybernetics Core  
  37  3:47  Forge  
  37  3:52  Protoss Ground Weapons Level 1  
  37  3:53  Gateway  
  37  3:56  Zealot x3  
  43  4:04  Probe  
  43  4:06  Probe  
  45  4:10  Warp Gate  
  45  4:13  Assimilator  
  45  4:16  Zealot x2, Probe  
  50  4:41  Twilight Council  
  50  4:43  Pylon  
  50  4:49  Probe  
  50  4:50  Probe  
  52  4:55  Zealot  
  54  5:05  Assimilator  
  54  5:23  Charge  
  54  5:26  Probe x2  
  56  5:31  Assimilator  
  56  6:05  Probe x2  
  58  6:13  Nexus  
  58  6:15  Photon Cannon  
  58  6:17  Pylon  
  58  6:20  Pylon  
  58  6:24  Photon Cannon  
  58  6:26  Probe  
  58  6:27  Probe  
  58  6:31  Stalker x2  
  64  6:36  Pylon  
  64  6:39  Probe  
  65  6:40  Pylon  
  65  6:42  Protoss Ground Armor Level 1  
  65  6:44  Probe  
  66  6:51  Probe  
  67  6:56  Probe  
  67  6:57  Blink  
  68  7:09  Forge  
  68  7:14  Pylon, Photon Cannon  
  68  7:33  Probe x3  
  71  7:38  Stalker x3  
  77  7:45  Probe  
  68  7:55  Protoss Ground Weapons Level 2  
  48  8:10  Dark Shrine  
  42  8:18  Stalker x3  
  42  8:19  Stalker  
  50  8:20  Robotics Facility  
  50  8:28  Photon Cannon  
  50  8:53  Stalker x4  
  57  9:26  Dark Templar x3  
  57  9:27  Dark Templar  
  57  9:30  Robotics Bay  
  65  9:45  Nexus  
  65  10:03  Dark Templar x2  
  65  10:04  Dark Templar x2  
Show
View Real Time Build Order
Export as new Build Order

Throwfordays Protoss 

Build Orders: Double Forge, Nexus First 

Get SALT Encoding   

  12  0:00  Probe  
  13  0:13  Probe  
  14  0:25  Probe  
  15  0:48  Nexus  
  15  1:01  Pylon  
  15  1:19  Probe  
  15  1:20  Gateway  
  16  1:26  Gateway  
  16  1:31  Probe  
  17  1:32  Assimilator  
  17  1:43  Forge  
  17  1:47  Probe  
  18  1:59  Probe x2  
  19  2:07  Probe  
  20  2:11  Probe  
  22  2:17  Probe  
  23  2:28  Cybernetics Core  
  23  2:29  Probe  
  24  2:32  Assimilator  
  24  2:40  Probe  
  24  2:41  Probe  
  26  2:51  Pylon  
  26  2:52  Probe  
  26  2:53  Probe  
  26  2:55  Warp Gate  
  28  3:02  Pylon  
  28  3:04  Probe  
  28  3:05  Probe  
  30  3:06  Pylon  
  30  3:14  Stargate  
  30  3:15  Probe  
  31  3:23  Probe  
  31  3:30  Stalker  
  31  3:31  Probe  
  34  3:35  Stalker  
  37  3:43  Probe  
  37  3:44  Forge  
  38  3:53  Assimilator  
  38  3:56  Probe  
  38  3:59  Assimilator  
  38  4:01  Pylon  
  39  4:05  Probe  
  40  4:13  Probe  
  40  4:19  Probe  
  40  4:22  Probe  
  40  4:23  Photon Cannon  
  42  4:27  Photon Cannon  
  43  4:31  Probe  
  43  4:33  Phoenix  
  43  4:34  Probe  
  47  4:43  Probe  
  48  4:46  Probe  
  49  4:54  Protoss Ground Weapons Level 1, Protoss Shields Level 1  
  49  4:56  Probe  
  49  4:58  Probe  
  51  5:07  Protoss Air Weapons Level 1  
  51  5:08  Probe  
  52  5:41  Nexus  
  50  6:19  Stargate  
  50  6:25  Stargate  
  50  6:27  Stargate  
  50  6:32  Stargate  
  50  6:37  Assimilator, Cybernetics Core  
  50  6:42  Assimilator  
  50  6:43  Phoenix  
  50  6:44  Pylon  
  52  6:47  Pylon, Fleet Beacon  
  52  6:55  Protoss Ground Armor Level 1  
  52  7:00  Nexus  
  52  7:02  Pylon  
  52  7:05  Pylon  
  52  7:08  Twilight Council  
  52  7:14  Protoss Air Armor Level 1  
  52  7:17  Phoenix x2  
  52  7:22  Assimilator, Probe  
  57  7:26  Assimilator, Probe  
  57  7:28  Probe  
  59  7:34  Probe x2  
  60  7:40  Probe  
  60  7:42  Probe  
  60  7:43  Phoenix x3  
  68  7:47  Probe  
  70  7:52  Probe  
  70  7:53  Probe  
  70  7:54  Phoenix  
  70  7:55  Probe  
  74  8:00  Probe  
  74  8:03  Probe  
  74  8:05  Probe  
  77  8:08  Probe x2  
  80  8:13  Probe  
  80  8:16  Probe  
  80  8:17  Probe  
  80  8:18  Probe  
  82  8:25  Probe  
  82  8:26  Anion Pulse-Crystals, Probe  
  85  8:27  Protoss Air Weapons Level 2  
  85  8:29  Probe  
  85  8:30  Phoenix, Probe  
  85  8:31  Phoenix x2  
  94  8:37  Probe  
  94  8:38  Probe  
  94  8:41  Probe  
  97  8:42  Probe  
  98  8:50  Probe  
  98  8:53  Probe  
  100  9:03  Probe  
  101  9:15  Probe  
  102  9:27  Probe  
  103  9:39  Probe  
  104  9:51  Probe  
  105  10:03  Probe  
  106  10:15  Probe  
  106  10:18  Robotics Facility  
  106  10:20  Robotics Facility  
  107  10:23  Robotics Facility  
  107  10:25  Robotics Facility  
  107  10:31  Templar Archives  
  103  10:46  Stalker x2  
Tags
 
Add a new tag
Caveats
  • Supply blocks, unpowered buildings, or Contaminate may cause inaccurate times.
  • Supply counts are checked every 10 seconds.